 Dungeon Crawl Stone Soup version 0.24-a0-441-g27f0392e16 (webtiles) character file.

Game seed: 18160519204998113339

4034 Avack the Carver (level 10, -3/46 HPs)
             Began as a Vine Stalker Gladiator on June 20, 2019.
             Was a Follower of Uskayaw.
             Slain by a two-headed ogre
             ... wielding a +0 giant club
              (18 damage)
             ... on level 8 of the Dungeon.
             The game lasted 00:22:40 (7855 turns).

Avack the Carver (Vine Stalker Gladiator)           Turns: 7855, Time: 00:22:41

Health: -3/46      AC: 12    Str: 16    XL:     10   Next: 24%
Magic:  0/11       EV: 21    Int:  8    God:    Uskayaw [*.....]
Gold:   441        SH:  0    Dex: 25    Spells: 9/9 levels left

rFire    + . .     SeeInvis .   a - +1 long sword
rCold    . . .     Gourm    .   (no shield)
rNeg     . . .     Faith    .   k - +0 leather armour {MR+}
rPois    .         Spirit   +   c - +2 helmet
rElec    .         Reflect  .   z - +0 cloak
rCorr    .         Harm     .   w - +1 pair of gloves
MR       ++...                  j - +2 pair of boots
Stlth    +++.......             u - amulet of magic regeneration (curse)
HPRegen  0.55/turn              m - +3 ring of evasion
MPRegen  0.37/turn              C - ring of protection from fire

@: agile
A: fangs 3, regeneration 1, magic shield, antimagic bite, no potion heal 3, rot
immunity
a: Stomp, Renounce Religion


You were on level 8 of the Dungeon.
You worshipped Uskayaw.
Uskayaw was noncommittal.
You were not hungry.

You visited 2 branches of the dungeon, and saw 9 of its levels.

You collected 441 gold pieces.

Inventory:

Hand Weapons
 a - a +1 long sword (weapon)
Missiles
 d - 4 throwing nets {!f}
 h - 261 stones
 l - 25 poisoned darts (quivered)
 A - 2 boomerangs
Armour
 c - a +2 helmet (worn)
 j - a +2 pair of boots (worn)
 k - a +0 leather armour of magic resistance (worn)
 w - a +1 pair of gloves (worn)
 z - a +0 cloak (worn)
Jewellery
 m - a +3 ring of evasion (left hand)
 u - a cursed amulet of magic regeneration (around neck)
 C - a ring of protection from fire (right hand)
Wands
 q - a wand of flame (53)
Scrolls
 e - 5 scrolls of teleportation
 i - 4 scrolls of remove curse
 n - a scroll of blinking
 r - a scroll of enchant weapon
 y - 2 scrolls of amnesia
Potions
 b - a potion of invisibility
 g - 2 potions of berserk rage
 o - a potion of mutation {unknown}
 p - a potion of flight
 s - a potion of cancellation
 t - a potion of haste
 v - a potion of agility
 B - a potion of curing
Comestibles
 f - 13 rations


   Skills:
 - Level 1.7 Fighting
 + Level 13.1 Long Blades
 - Level 1.7 Throwing
 - Level 2.4 Dodging


You had 9 spell levels left.
You didn't know any spells.
Your spell library contained the following spells:

 Spells                   Type           Power        Failure   Level  Hunger
 Corona                   Hex            #......      47%         1    ##.....
 Ensorcelled Hibernation  Hex/Ice        #.....       63%         2    ###....
 Confuse                  Hex            #.......     85%         3    ####...
 Dazzling Spray           Conj/Hex       #.....       85%         3    ####...
 Tukima's Dance           Hex            #.......     85%         3    ####...


Dungeon Overview and Level Annotations

Branches:
Dungeon (8/15)             Temple (1/1) D:5            Lair (0/6) D:8

Altars:
Cheibriados
Dithmenos
Elyvilon
Fedhas
Hepliaklqana
Makhleb
Nemelex Xobeh
Okawaru
Qazlal
Ru
Sif Muna
Trog
Uskayaw
Vehumet
Wu Jian
Xom
Yredelemnul
Zin
The Shining One

Shops:
D:7 (


Innate Abilities, Weirdness & Mutations

You have razor-sharp teeth.
Your natural rate of healing is unusually fast.
When hurt, damage is shared between your health and your magic reserves.
Your bite disrupts and absorbs the magic of your enemies.
Potions cannot restore your health.
You are immune to rotting.


Message History

Throwing (i - inventory. (/) - cycle)
l - 27 poisoned darts (quivered)
Press: ? - help, Shift-Dir - straight line, f/p - two-headed ogre
Aim: a two-headed ogre, wielding two +0 giant clubs (severely wounded)
You throw a poisoned dart.
The poisoned dart completely misses the two-headed ogre.
The two-headed ogre misses you.
You riposte.
You barely miss the two-headed ogre. Your bite misses the two-headed ogre.
The two-headed ogre is severely wounded.
The two-headed ogre closely misses you.
You can no longer pass through a line of other dancers.
Throwing (i - inventory. (/) - cycle)
l - 26 poisoned darts (quivered)
Press: ? - help, Shift-Dir - straight line, f/p - two-headed ogre
Aim: a two-headed ogre, wielding two +0 giant clubs (severely wounded)
You throw a poisoned dart.
The poisoned dart barely misses the two-headed ogre.
Okay, then.
You hit the two-headed ogre but do no damage.
The two-headed ogre is severely wounded.
The two-headed ogre hits you with a +0 giant club!! x2
You die...

#.###....................## #.
..#.'....<..#........P..#.# #(
###.#....#..##.........##.# #.
#.#######.####.....####.# #. #.#
#.##.#.#.#.##.#.######( #.#
#..#.#.#...##.#.##....( #.#
#..#.#........#.##.#### #.#
#....#.#.######.##.###
#.#######.#..#@O...........(?#
#...........>..#.......[.(.#.#
###########.######.######.####.#
.....# #........# #.# # ####.#
########## #.. .....# ####
######


You could see a two-headed ogre.

Vanquished Creatures
  Grinder (D:5)
  A hungry ghost (D:7)
  3 wargs (D:8)
  Edmund (D:5)
  2 orc warriors
  2 sky beasts
  2 black bears
  2 ogres
  4 phantoms
  4 centaurs
  A big kobold (D:5)
  5 bullfrogs
  A scorpion (D:8)
  6 killer bees (D:7)
  A howler monkey (D:4)
  3 crimson imps
  A bullfrog zombie (D:7)
  3 jellies
  A centaur zombie (D:7)
  2 hounds
  2 orc priests (D:8)
  A bullfrog skeleton (D:7)
  Jessica (D:3)
  2 iguanas
  7 orc wizards
  5 worker ants
  2 howler monkey skeletons
  11 adders
  9 river rats (D:5)
  2 oozes (D:1)
  2 adder skeletons
  An adder zombie (D:7)
  A worm (D:6)
  4 dart slugs
  8 leopard geckos
  20 orcs
  11 giant cockroaches
  6 goblins
  6 hobgoblins
  2 jackals (D:5)
  6 quokkas
  A ball python (D:2)
  6 bats
  7 frilled lizards
  11 kobolds
  A leopard gecko zombie (D:8)
  23 rats
  A bush (D:5)
205 creatures vanquished.

Notes
Turn   | Place    | Note
-------+----------+-------------------------------------------
     0 | D:1      | Avack the Vine Stalker Gladiator began the quest for the
                  | Orb.
     0 | D:1      | Reached XP level 1. HP: 11/11 MP: 2/2
    81 | D:1      | Reached skill level 3 in Long Blades
    81 | D:1      | Reached XP level 2. HP: 12/15 MP: 1/3
   466 | D:1      | Reached XP level 3. HP: 18/18 MP: 4/4
  1072 | D:2      | Reached skill level 4 in Long Blades
  1143 | D:2      | Found a snail-covered altar of Cheibriados.
  1462 | D:2      | Gained mutation: Your natural rate of healing is unusually
                  | fast. [Vine Stalker growth]
  1462 | D:2      | Reached XP level 4. HP: 23/23 MP: 5/5
  2138 | D:3      | Found a bloodstained altar of Trog.
  2258 | D:3      | Noticed Jessica
  2264 | D:3      | Killed Jessica
  2264 | D:3      | Reached skill level 5 in Long Blades
  2264 | D:3      | Reached XP level 5. HP: 26/26 MP: 6/6
  2485 | D:4      | Found a radiant altar of Vehumet.
  2818 | D:4      | Found an iron altar of Okawaru.
  2830 | D:4      | Reached XP level 6. HP: 30/30 MP: 7/7
  2893 | D:4      | Reached skill level 6 in Long Blades
  3413 | D:5      | Entered Level 5 of the Dungeon
  3441 | D:5      | Noticed Grinder
  3457 | D:5      | Noticed Edmund
  3531 | D:5      | Killed Edmund
  3531 | D:5      | Reached skill level 7 in Long Blades
  3531 | D:5      | Reached XP level 7. HP: 20/34 MP: 5/8
  4044 | D:5      | Reached skill level 8 in Long Blades
  4423 | D:5      | Killed Grinder
  4423 | D:5      | Gained mutation: You have razor-sharp teeth. [Vine Stalker
                  | growth]
  4423 | D:5      | Reached XP level 8. HP: 29/38 MP: 9/9
  4497 | D:5      | Found a staircase to the Ecumenical Temple.
  4506 | Temple   | Entered the Ecumenical Temple
  4612 | Temple   | Became a worshipper of Uskayaw the Reveler
  4740 | D:5      | Reached * piety under Uskayaw
  4745 | D:5      | Reached ** piety under Uskayaw
  4753 | D:5      | Reached skill level 9 in Long Blades
  5408 | D:6      | Reached skill level 10 in Long Blades
  5869 | D:6      | Reached XP level 9. HP: 42/42 MP: 10/10
  5973 | D:7      | Found Ojalluv's Weapon Shoppe.
  6048 | D:7      | Reached skill level 11 in Long Blades
  6120 | D:7      | Reached *** piety under Uskayaw
  6125 | D:7      | Reached **** piety under Uskayaw
  6538 | D:7      | Reached skill level 12 in Long Blades
  7049 | D:8      | Found a blossoming altar of Fedhas.
  7140 | D:8      | Reached XP level 10. HP: 45/46 MP: 11/11
  7155 | D:8      | Found a staircase to the Lair.
  7229 | D:8      | Reached ***** piety under Uskayaw
  7230 | D:8      | Reached skill level 13 in Long Blades
  7738 | D:8      | Noticed a two-headed ogre
  7855 | D:8      | Slain by a two-headed ogre

Levels and vault maps discovered:
D:1:      nicolae_arrival_memento_mori, layout_basic
D:2:      layout_basic, kennysheep_slug_shrine
D:3:      layout_loops_ring, first_ration, trog_three_pillars_becter,
          uniq_jessica
D:4:      layout_loops_corners, old_standard_altar, serial_bayou_pond_e,
          corner_web_ring, kennysheep_crisscross, okawaru_altar_gauntlet_db
D:5:      lemuel_ratsnest, layout_loops_ring, minmay_temple_entry_arrows,
          gup_sewer_entry_bubbles, lexackson_kobold_supper, uniq_grinder,
          uniq_edmund
D:6:      layout_basic, corexii_checkpoint_a
D:7:      layout_basic, serial_shops, nicolae_shop_trees
D:8:      layout_basic, erik_lair_orcish_takeover, basic_altar
Temple:   minmay_crystal_snake_temple

Skill      XL: |  1  2  3  4  5  6  7  8  9 10 |
---------------+-------------------------------+-----
Long Blades    | 3 4 5 7 8 10 12 13 | 13.1
Fighting       | |  1.7
Throwing       | |  1.7
Dodging        | |  2.4

Action                   |  1- 3 |  4- 6 |  7- 9 | 10-12 || total
-------------------------+-------+-------+-------+-------++-------
Melee: Long sword        |    65 |   136 |   388 |    63 ||   652
       Bite              |    22 |    56 |   189 |    30 ||   297
Throw: Stone             |     7 |       |     3 |       ||    10
       Dart              |     5 |    19 |    74 |    14 ||   112
       Throwing net      |       |     2 |       |       ||     2
Invok: Line Pass         |       |       |     2 |     1 ||     3
       Stomp             |       |       |     1 |     1 ||     2
  Use: Scroll            |    10 |     6 |     9 |     3 ||    28
       Potion            |       |     1 |       |     1 ||     2
 Stab: Sleeping          |     1 |     1 |     2 |       ||     4
       Distracted        |       |     1 |       |       ||     1
       Paralysed         |       |       |     5 |     2 ||     7
       Confused          |       |       |     2 |     1 ||     3
  Eat: Chunk             |     2 |     6 |    16 |     3 ||    27
Armor: Leather armour    |    21 |    23 |    89 |     9 ||   142
       Ring mail         |     5 |       |       |       ||     5
Dodge: Dodged            |    43 |    95 |   255 |    38 ||   431
       Rpst.: Long sword |    21 |    35 |    76 |    13 ||   145

Table legend:
 A = Non-vault XP
 B = Vault XP
 C = Vault XP percentage of total XP
 D = Non-vault monster count
 E = Vault monster count
 F = Vault count percentage of total count
                 A         B        C        D         E       F
            +---------+---------+-------+---------+---------+-------
      Total |    4433 |    1330 |  23.1 |     143 |      61 |  29.9
            +---------+---------+-------+---------+---------+-------
        D:1 |      40 |       0 |   0.0 |      18 |       0 |   0.0
        D:2 |      44 |       4 |   8.3 |      17 |       1 |   5.6
        D:3 |      65 |      37 |  36.3 |      12 |       1 |   7.7
        D:4 |     264 |      13 |   4.7 |      20 |       6 |  23.1
        D:5 |     391 |     670 |  63.1 |      13 |      43 |  76.8
        D:6 |     884 |       4 |   0.5 |      12 |       2 |  14.3
        D:7 |    1743 |       0 |   0.0 |      32 |       0 |   0.0
        D:8 |    1002 |     602 |  37.5 |      19 |       8 |  29.6
            +---------+---------+-------+---------+---------+-------
